[Event "*** Titled Tuesday 3|2 Blitz"]
[Site "Chess.com"]
[Date "2016.10.04"]
[Round "1"]
[White "FrankieJay"]
[Black "Holden-Caulfield"]
[Result "0-1"]
[WhiteElo "2187"]
[BlackElo "2478"]
[TimeControl "180+2"]
[EndTime "11:07:58 PDT"]
[Termination "Holden-Caulfield won by resignation"]

1. e4 d6 2. d4 Nf6 3. Nc3 e5 4.
Nf3 Nbd7 5. Bc4 Be7 6. O-O O-O 7.
h3 c6 8. a4 a5 9. Re1 exd4 10.
Qxd4 Qc7 11. Be3 Ne5 12. Nxe5 dxe5 13. Qb6 Qxb6 14. Bxb6 Nd7 15. Be3 Bc5 16. Rad1 Bxe3 17. Rxe3 Nc5 18. Re2 Be6 19. Bxe6 Nxe6 20. Rd7 Nc5 21.
Re7 Rfe8 22. Rxe8+ Rxe8 23. Rd2 Kf8 24. f3 Ke7 25. Kf2 Rb8 26. Ke3 Ne6 27. Ne2 Nc5 28. Nc3 g6 29. g3 f6 30. b3 Rf8 31. f4 exf4+ 32. gxf4 Re8 33. Kf3 Ke6 34. Ne2 Kf7 35. Nc3 Ke7 36. Ne2 h6 37. Ng3 Kf7 38. h4 b5 39. axb5 cxb5 40. Rd5 Rc8 41. h5 a4 42.
bxa4 bxa4 43. hxg6+ Kxg6 44. Nf5 Rc7 45. Rd1 Ra7 46.
Rg1+ Kh7 47. Rh1 a3 48. Nxh6 a2 49. Nf5+ Kg8 50. Ra1 Ra3+ 51. Ke2 Nxe4 52. Ne7+ Kf7 53. Nd5 Ke6 54. Nb4 Kf5 55. Rxa2 Nc3+ 0-1

[Event "*** Titled Tuesday 3|2 Blitz"]
[Site "Chess.com"]
[Date "2016.10.04"]
[Round "1"]
[White "macko06"]
[Black "NTBT_DHS"]
[Result "0-1"]
[WhiteElo "2110"]
[BlackElo "2450"]
[TimeControl "180+2"]
[EndTime "11:08:01 PDT"]
[Termination "NTBT_DHS won by resignation"]

1. Nf3 g6 2. d4 Bg7 3. c4 d6 4.
Nc3 Nf6 5. g3 O-O 6. Bg2 Nbd7 7.
O-O e5 8. e4 exd4 9. Nxd4 Nc5 10. Re1 Ng4 11. f4 a5 12. h3 Nf6 13. Kh2 Re8 14.
b3 c6 15. Bb2 Qb6 16. Qc2 Ng4+ 17. hxg4 Bxd4 18. Nd5 cxd5 19. Bxd4 dxe4 20. Rxe4 Bxg4 21. Rae1 Rxe4 22. Qxe4 Be6 23. Bxc5 Qxc5 24. Qxb7 Rd8 25. Qf3 h5 26. Qe3 Qb4 27. Re2 d5 28. cxd5 Bg4 29. Rd2 h4 30. gxh4 Rd6 31. Qd4 Qb8 32. Qe5 Qd8 33.
Kg3 Bf5 34. Re2 Kh7 35. Qe7 Qb8 36. Qxf7+ Kh6 37. Re8 Rd7 38. Rh8+ Qxh8 0-1

[Event "*** Titled Tuesday 3|2 Blitz"]
[Site "Chess.com"]
[Date "2016.10.04"]
[Round "1"]
[White "cassoulet"]
[Black "ZapataCharlesS"]
[Result "0-1"]
[WhiteElo "2303"]
[BlackElo "2587"]
[TimeControl "180+2"]
[EndTime "11:08:04 PDT"]
[Termination "ZapataCharlesS won by resignation"]

1. e4 e5 2. Nf3 Nc6 3. Bc4 Nf6 4. d3 Be7 5. O-O O-O 6. Nc3 d6 7. a3 Be6 8. Bxe6 fxe6 9. d4 exd4 10. Nxd4 Nxd4 11. Qxd4 Nd7 12. Qc4 Rf6 13. Bg5 Rg6 14.
Be3 c6 15. f4 d5 16. Qe2 Bc5 17. f5 exf5 18. exd5 Qe7 19. Rae1 Re8 20. Bxc5 Qxc5+ 21. Qf2 Qxf2+ 22. Kxf2 Rxe1 23. Rxe1 Kf7 24. Rd1 Ne5 25. b3 Ng4+ 26. Kg1 Ne3 27. Rd2 cxd5 28. Nxd5 Rd6 29.
c4 Nxd5 30. cxd5 Kf6 31. Kf2 Ke5 32. Re2+ Kf6 33. Rd2 g5 34. h3 h5 35. b4 b5 36.
h4 gxh4 37. Kf3 Ke5 38. Re2+ Kxd5 39. Kf4 Kc4 40. Kxf5 Kb3 41. Re3+ Ka4 42. Kg5 Rd2 43. Kxh4 Rxg2 44. Kxh5 Ra2 45. Re7 Rxa3 46. Rxa7+ Kxb4 47. Rb7 Rg3 48. Kh4 Rg1 49. Kh3 Kb3 50. Kh2 Rg5 51. Kh3 b4 52. Kh4 Rg1 53. Kh3 Kc3 54. Rc7+ Kb2 55.
Kh2 Rg8 56. Rf7 b3 57. Rb7 Ka2 58. Ra7+ Kb1 59. Rb7 b2 60. Kh1 Rc8 61. Kg1 Kc1 62. Rf7 b1=Q 63. Rf1+ Kb2 64. Rxb1+ Kxb1 0-1

[Event "*** Titled Tuesday 3|2 Blitz"]
[Site "Chess.com"]
[Date "2016.10.04"]
[Round "1"]
[White "Peroncio"]
[Black "Dale"]
[Result "1/2-1/2"]
[WhiteElo "2397"]
[BlackElo "2036"]
[TimeControl "180+2"]
[EndTime "11:08:07 PDT"]
[Termination "Game drawn by agreement"]

1. Nf3 Nf6 2. g3 g6 3. Bg2 Bg7 4. O-O O-O 5. c4 Nc6 6. d4 d5 7. cxd5 Nxd5 8. Nc3 Nxc3 9. bxc3 Bf5 10. Nh4 Bd7 11.
Rb1 b6 12. Ba3 Re8 13. Nf3 Rb8 14. Nd2 e5 15. e3 Na5 16. Bb4 Nc6 17. Ba3 Na5 18. Bb4 Nc6 19. Qb3 Nxb4 20. Qxb4 Be6 21. Qa3 c5 22. Rfd1 cxd4 23. cxd4 exd4 24. Nf3 Bf5 25.
Rbc1 d3 26. Nh4 Be4 27. Bxe4 Rxe4 28. Rxd3 Qe7 29. Nf3 Qxa3 30. Rxa3 Bb2 31. Rcc3 Bxa3 32. Rxa3 a5 33. Nd4 a4 34. Rc3 b5 35. a3 b4 36.
axb4 Rxb4 37. Rc8+ Kg7 38. Ra8 h5 39. Ra7 Rexd4 40.
exd4 Rxd4 41. h4 Rg4 42. Kg2 Rb4 43. Kg1 Kf6 44. Kg2 Kg7 45. Ra8 Kf6 46. Ra7 Rc4 47. Kh2 Rb4 48. Kg2 Rc4 49. Kh2 Rd4 50. Kg2 Re4 51.
Kh2 Re2 52. Kg2 Ra2 53. Kg1 a3 54. Kg2 Ra1 55. Kf3 a2 56. Kg2 Ke5 57. Ra8 Kd4 58. Ra7 Kc3 59. Rc7+ Kd3 60. Rd7+ Ke4 61. Re7+ Kd5 62.
Ra7 f6 63. Ra6 g5 64. hxg5 fxg5 65. Ra8 Ke5 66. Ra5+ Kd4 67. Ra8 h4 68. gxh4 gxh4 69. Ra7 h3+ 70. Kh2 Rb1 71. Rxa2 Ke4 72. Kxh3 Kf3 73.
Ra3+ Kxf2 74. Ra2+ 1/2-1/2

[Event "*** Titled Tuesday 3|2 Blitz"]
[Site "Chess.com"]
[Date "2016.10.04"]
[Round "1"]
[White "QuintilianoR"]
[Black "Grootneus"]
[Result "1-0"]
[WhiteElo "2419"]
[BlackElo "2021"]
[TimeControl "180+2"]
[EndTime "11:08:07 PDT"]
[Termination "QuintilianoR won by resignation"]

1. d4 Nf6 2. Nf3 c5 3. e3 d5 4. dxc5 Nc6 5. c4 e6 6. Nc3 Bxc5 7. a3 a5 8. cxd5 exd5 9. Be2 O-O 10. O-O Be6 11. Nb5 Ne4 12. Nfd4 Qf6 13. f3 Nd6 14. Nb3 Nxb5 15. Nxc5 Nd6 16. Kh1 Rac8 17. e4 Nd4 18. Nxe6 fxe6 19. exd5 exd5 20. Bd3 Nc4 21. Rb1 Rfe8 22.
b3 Nd6 23. Bd2 Re5 24. Rc1 Rce8 25. Bc3 Rh5 26. Bxd4 Rxh2+ 27. Kxh2 Qh4+ 28. Kg1 Qxd4+ 29. Rf2 Re6 30. Bxh7+ Kxh7 31. Qxd4 1-0

[Event "*** Titled Tuesday 3|2 Blitz"]
[Site "Chess.com"]
[Date "2016.10.04"]
[Round "1"]
[White "Spas_Kozhuharov"]
[Black "LonesomeGeorge1"]
[Result "1-0"]
[WhiteElo "2473"]
[BlackElo "2173"]
[TimeControl "180+2"]
[EndTime "11:08:09 PDT"]
[Termination "Spas_Kozhuharov won by resignation"]

1. d4 Nf6 2. c4 g6 3. Nc3 Bg7 4.
e4 d6 5. f3 O-O 6. Be3 c5 7. d5 e6 8. Qd2 exd5 9. cxd5 a6 10. a4 h5 11. Be2 Re8 12. Bd1 Nh7 13. Nge2 f5 14. O-O Nd7 15. exf5 gxf5 16. Bh6 Ndf6 17. Bxg7 Kxg7 18. Bc2 Qe7 19. Ng3 Qe5 20. Bxf5 Bxf5 21. Rae1 Be4 22. Ngxe4 Nxe4 23. Rxe4 Qf6 24. Rfe1 Rxe4 25.
Nxe4 Qg6 26. Qf4 Rd8 27. h4 Rd7 28. a5 Nf8 29. Kf2 Qh6 30. Ng5 Qf6 31. Ne6+ Nxe6 32.
Qxf6+ Kxf6 33. Rxe6+ Kg7 34. g4 hxg4 35. fxg4 Rf7+ 36.
Kg3 Rd7 37. h5 Kh7 38. g5 Kg7 39. Kg4 Kh7 40. h6 1-0

[Event "*** Titled Tuesday 3|2 Blitz"]
[Site "Chess.com"]
[Date "2016.10.04"]
[Round "1"]
[White "NoWuss2"]
[Black "Rumpel-VK"]
[Result "0-1"]
[WhiteElo "2042"]
[BlackElo "2445"]
[TimeControl "180+2"]
[EndTime "11:08:14 PDT"]
[Termination "Rumpel-VK won on time"]

1. e4 d6 2. Nf3 Nf6 3. c3 c6 4.
Bd3 e5 5. O-O Be7 6. Bc2 Bg4 7.
h3 Bh5 8. d3 O-O 9. Re1 Nbd7 10. Nbd2 Qc7 11. Nf1 Rfe8 12. Ng3 Bg6 13. Nh4 Nf8 14.
Qf3 Ne6 15. Nhf5 Bf8 16. h4 d5 17. Nh6+ gxh6 18. Qxf6 Nf4 19. Bxf4 exf4 20. Nf5 dxe4 21.
Rxe4 Qa5 22. Rxf4 Re6 23. Qd4 Bxf5 24. g4 Bg7 25. Qc4 Bg6 26. h5 b5 27. Qc5 Qc7 28. Rb4 Re2 29. Bd1 Re1+ 30. Kg2 Bf8 31. Qd4 c5 0-1

[Event "*** Titled Tuesday 3|2 Blitz"]
[Site "Chess.com"]
[Date "2016.10.04"]
[Round "1"]
[White "ulises2013"]
[Black "LawrenceTrent"]
[Result "1/2-1/2"]
[WhiteElo "2311"]
[BlackElo "2530"]
[TimeControl "180+2"]
[EndTime "11:08:18 PDT"]
[Termination "Game drawn by repetition"]

1. e4 e5 2. Nf3 Nc6 3. Bc4 Bc5 4. c3 Nf6 5. d4 exd4 6. cxd4 Bb4+ 7. Bd2 Bxd2+ 8. Nbxd2 d5 9. exd5 Nxd5 10. Qb3 Na5 11. Qa4+ Nc6 12. Qb3 Nce7 13. O-O O-O 14. Rfe1 c6 15.
Ne4 Qb6 16. Qa3 Ng6 17. Bxd5 cxd5 18. Nc3 Be6 19. Na4 Qa6 20. Nc5 Qxa3 21. bxa3 Rfe8 22.
Nxb7 Bg4 23. Nd2 Rxe1+ 24. Rxe1 Nf4 25. f3 Bf5 26. Nc5 h5 27. h4 Rb8 28. Ndb3 a5 29. g3 Nd3 30. Nxd3 Bxd3 31. Re7 a4 32. Nc5 Rb1+ 33.
Kf2 Rb2+ 34. Kg1 Bc4 35. Ra7 Rxa2 36. Rxa4 Kh7 37. Nd7 f6 38. Nf8+ Kh6 39. Ra5 g5 40. Nd7 gxh4 41. gxh4 Kg6 42. Nb6 Bb3 43. Nxd5 Bxd5 44.
Rxd5 Rxa3 45. Kf2 Ra2+ 46. Kg3 Rd2 47. Rd7 Kf5 48. Rd5+ Kg6 49. Rd7 Kf5 50. Rd5+ Kg6 51. Rd7 1/2-1/2

[Event "*** Titled Tuesday 3|2 Blitz"]
[Site "Chess.com"]
[Date "2016.10.04"]
[Round "1"]
[White "RobertoJBM"]
[Black "Quiet_Desperation"]
[Result "1-0"]
[WhiteElo "2521"]
[BlackElo "2244"]
[TimeControl "180+2"]
[EndTime "11:08:25 PDT"]
[Termination "RobertoJBM won by resignation"]

1. d4 Nf6 2. Nf3 e6 3. e3 b6 4. Bd3 Bb7 5. O-O Be7 6. b3 O-O 7.
Bb2 c5 8. Nbd2 cxd4 9. exd4 Nc6 10. a3 Rc8 11. Re1 d6 12. Qe2 Qc7 13. c4 Qb8 14. Rac1 Qa8 15. Qe3 Na5 16. b4 Nc6 17. Red1 Rfe8 18.
h3 Bf8 19. Bf1 Ne7 20. Qd3 Ng6 21. Qe3 e5 22. d5 h6 23. Ne4 Nxe4 24. Qxe4 Rcd8 25.
Bd3 Bc8 26. Bb1 f5 27. Qe2 Nf4 28. Qd2 Qb7 29. Re1 Qf7 30. Kh2 Qh5 31. Ng1 Be7 32.
Qd1 Qg6 33. g3 Bg5 34. gxf4 Bxf4+ 35. Kh1 Bxc1 36. Bxc1 e4 37. Bf4 Qf6 38. Qd2 g5 39. Be3 Qg6 40. Bd4 Qh5 41. Qe2 Qxe2 42. Rxe2 Bd7 43. Ba2 Kf7 44. Kg2 Kg6 45. f3 exf3+ 46. Kxf3 Rxe2 47. Nxe2 Re8 48. Bb1 h5 49. Ng3 h4 50.
Ne2 Kh5 51. Kf2 g4 52. Nf4+ Kg5 53. Be3 Kf6 54. Bd4+ Kg5 55. Be3 Kf6 56. Bd3 Re7 57. Bd4+ Kg5 58. Be3 Kf6 59. Bf1 g3+ 60. Kf3 Be8 61.
Bd3 a6 62. Bd4+ Kg5 63. Ne6+ Kh6 64. Kf4 g2 65. Bxf5 Bf7 66. Be3 Bxe6 67. dxe6 Rg7 68. Bg4 1-0

[Event "*** Titled Tuesday 3|2 Blitz"]
[Site "Chess.com"]
[Date "2016.10.04"]
[Round "1"]
[White "Gergo85"]
[Black "BjarkeSahl"]
[Result "1-0"]
[WhiteElo "2451"]
[BlackElo "2116"]
[TimeControl "180+2"]
[EndTime "11:08:45 PDT"]
[Termination "Gergo85 won by resignation"]

1. e4 e5 2. Nc3 Nf6 3. g3 Bc5 4. Bg2 h5 5. h3 h4 6. g4 Nc6 7. Nge2 Nh7 8. d3 Ng5 9. f4 exf4 10. Bxf4 d6 11. Qd2 Ne6 12. Be3 Ncd4 13. Nxd4 Bxd4 14. Bxd4 Nxd4 15. Qf2 c5 16. O-O-O Be6 17. Ne2 Nxe2+ 18.
Qxe2 Qa5 19. a3 O-O-O 20. Rhf1 Kb8 21. Rf2 Rd7 22. Rdf1 Rc8 23. Qd2 Qd8 24. Qf4 Rc6 25.
g5 c4 26. d4 c3 27. bxc3 Qa5 28. Rf3 Qxa3+ 29. Kd2 Bc4 30. Rb1 Qa2 31. Rc1 Rb6 32. Qxh4 Rb2 33. Bf1 Bxf1 34. Rfxf1 Qc4 35. Rf3 b5 36. Qh8+ Kb7 37. Qxg7 b4 38. g6 Rc7 39. Qxf7 bxc3+ 40. Ke3 Rxf7 41. gxf7 Rb4 42. Rd1 1-0

[Event "*** Titled Tuesday 3|2 Blitz"]
[Site "Chess.com"]
[Date "2016.10.04"]
[Round "1"]
[White "biostatistician"]
[Black "Wolverine_master"]
[Result "1-0"]
[WhiteElo "2436"]
[BlackElo "2037"]
[TimeControl "180+2"]
[EndTime "11:08:52 PDT"]
[Termination "biostatistician won by resignation"]

1. d4 Nf6 2. Nf3 e6 3. c4 d5 4. Nc3 Be7 5. Bg5 O-O 6. e3 c6 7.
Bd3 Nbd7 8. O-O dxc4 9. Bxc4 b5 10. Bd3 b4 11. Bxf6 Nxf6 12. Ne4 Qc7 13. Rc1 Bb7 14. Qc2 Rac8 15. Nxf6+ Bxf6 16. Bxh7+ Kh8 17. Be4 e5 18. Qc5 g6 19. dxe5 Bg7 20. Rfd1 Rfe8 21. Qxb4 Bxe5 22. Nxe5 Rxe5 23. Bf3 Kg8 24. Qf4 Qe7 25.
b4 Rf5 26. Qe4 Re5 27. Qd4 c5 28. Rxc5 Rcxc5 29. bxc5 Bxf3 30. Qd8+ Qxd8 31. Rxd8+ Kg7 32. gxf3 Rxc5 33. Rd4 Ra5 34. a4 Rg5+ 35. Rg4 Rf5 36. Kg2 a5 37. Kg3 Rc5 38. Rd4 Rg5+ 39. Rg4 Rc5 40.
h4 Kf6 41. Rd4 Ke6 42. Rg4 Kf6 43. Rd4 Ke6 44. f4 Rc6 45. Re4+ Kd6 46. Re5 Ra6 47. h5 gxh5 48. Rxh5 f6 49. Rb5 Ke6 50. Kg4 Ra8 51.
e4 Rg8+ 52. Kf3 Ra8 53. Ke3 Kd6 54. Kd4 Kc6 55. e5 f5 56. e6 Kd6 57. Rb6+ Ke7 58.
Ke5 Rc8 59. Rb7+ Ke8 60. Kf6 Ra8 61. Kxf5 Rc8 62. Kf6 Kf8 63. f5 Ke8 64. Rh7 Kd8 65. Rh8+ Kc7 66. Rxc8+ Kxc8 67. e7 Kd7 68. Kf7 1-0

[Event "*** Titled Tuesday 3|2 Blitz"]
[Site "Chess.com"]
[Date "2016.10.04"]
[Round "1"]
[White "GrigorGrigorov"]
[Black "johnathan113"]
[Result "1-0"]
[WhiteElo "2546"]
[BlackElo "2278"]
[TimeControl "180+2"]
[EndTime "11:08:54 PDT"]
[Termination "GrigorGrigorov won by resignation"]

1. d4 Nf6 2. c4 g6 3. g3 c5 4. Nf3 cxd4 5. Nxd4 Bg7 6. Bg2 O-O 7.
O-O Nc6 8. Nc3 Qa5 9. e3 Ne5 10. Qe2 d6 11. Bd2 Qb6 12. b3 Bg4 13. f3 Bd7 14.
Rac1 Rfc8 15. Kh1 a6 16. g4 Nc6 17. Nc2 Qd8 18. g5 Ne8 19. f4 Nc7 20. Nd5 Ne6 21. a4 Rab8 22. a5 Nc5 23. Rb1 Bf5 24. e4 Bd7 25. Nb6 Ne6 26. Nxc8 Qxc8 27. Qf2 Nc5 28.
b4 Na4 29. Ne3 e6 30. Ng4 Qd8 31. e5 dxe5 32. fxe5 Be8 33. Bf4 Nc3 34. Rb3 Na4 35.
Nf6+ Bxf6 36. gxf6 b6 37. Qh4 Bd7 38. Rh3 h5 39.
Rg3 Kh7 40. Be4 Kh8 41. Bxg6 fxg6 42. Rxg6 1-0

[Event "*** Titled Tuesday 3|2 Blitz"]
[Site "Chess.com"]
[Date "2016.10.04"]
[Round "1"]
[White "dusanacns"]
[Black "Malev212"]
[Result "0-1"]
[WhiteElo "2544"]
[BlackElo "2320"]
[TimeControl "180+2"]
[EndTime "11:08:55 PDT"]
[Termination "Malev212 won by resignation"]

1. e4 c5 2. Nf3 Nc6 3. Bb5 g6 4. O-O Bg7 5. Re1 Nf6 6. e5 Nd5 7. Nc3 Nc7 8. Bxc6 dxc6 9. Ne4 Ne6 10. d3 O-O 11. Be3 b6 12. Qd2 f5 13. exf6 exf6 14. Bh6 a5 15. Bxg7 Kxg7 16. Ng3 Ra7 17. Re4 Nd4 18. Nxd4 cxd4 19. Rae1 c5 20. Qf4 Raf7 21.
h4 h5 22. R4e2 Qc7 23. Qxc7 Rxc7 24. Re7+ Rf7 25. Re8 Bb7 26. Ne4 Bxe4 27. R1xe4 a4 28. Rb8 Rb7 29. Ree8 Rfc7 30. Rg8+ Kf7 31. Rbf8+ Ke7 32.
Ra8 Kf7 33. Rh8 Kg7 34. Rhg8+ Kf7 35. Rgb8 Rxb8 36. Rxb8 Rc6 37. Kf1 g5 38. hxg5 fxg5 39. f3 h4 40. Kf2 Kg6 41. Ra8 b5 42. a3 c4 43. Ke2 c3 44. bxc3 Rxc3 45. Kd2 Rxa3 46.
Rb8 Ra1 47. Rb6+ Kh5 48. Rxb5 Rg1 49. c4 Rxg2+ 50. Ke1 h3 51. Kf1 Rc2 52. f4 Rc1+ 53.
Kf2 h2 54. Rxg5+ Kh6 0-1

[Event "*** Titled Tuesday 3|2 Blitz"]
[Site "Chess.com"]
[Date "2016.10.04"]
[Round "1"]
[White "bugsbunny444"]
[Black "OparinGrigoriy"]
[Result "1-0"]
[WhiteElo "2345"]
[BlackElo "2583"]
[TimeControl "180+2"]
[EndTime "11:08:56 PDT"]
[Termination "bugsbunny444 won by resignation"]

1. Nf3 d5 2. c4 e6 3. g3 dxc4 4. Qc2 c6 5. Bg2 Nf6 6. Ne5 b5 7. a4 Nd5 8. axb5 cxb5 9. Nc3 Qd6 10. d4 cxd3 11. Nxd3 Bd7 12. Nxd5 exd5 13. Bf4 Qc6 14.
Qb3 Be6 15. Rc1 Qd7 16. Rc7 Qd8 17. Qxb5+ Nd7 18. Bxd5 Bxd5 19. Qxd5 Rc8 20. Qe4+ Be7 21. Rxc8 Qxc8 22. Bd6 Qd8 23. Kd2 Nf6 24. Qxe7+ Qxe7 25. Bxe7 Kxe7 26. Ra1 Ra8 27. f3 Nd7 28. Ra5 Nb6 29. Rc5 Kd6 30. Rc2 a5 31. e4 f6 32. Ke3 a4 33. f4 a3 34. bxa3 Rxa3 35. Ke2 Na4 36.
e5+ fxe5 37. Nxe5 Kd5 38. Rd2+ Ke4 39. Kf2 Nc3 40. Nc4 Ra6 41. Nd6+ Rxd6 42. Rxd6 Kf5 43. Kf3 h5 44. h3 1-0

[Event "*** Titled Tuesday 3|2 Blitz"]
[Site "Chess.com"]
[Date "2016.10.04"]
[Round "1"]
[White "Usurpov"]
[Black "Tarlev_Konstantin"]
[Result "1/2-1/2"]
[WhiteElo "2305"]
[BlackElo "2560"]
[TimeControl "180+2"]
[EndTime "11:08:59 PDT"]
[Termination "Game drawn by repetition"]

1. e4 c5 2. Nf3 e6 3. c3 Nf6 4. e5 Nd5 5. g3 Nc6 6. Bg2 d6 7. exd6 Bxd6 8. O-O O-O 9. d4 cxd4 10.
Nxd4 Nxd4 11. Qxd4 Qc7 12. Nd2 Bc5 13. Qd3 Rd8 14. Qe2 Bd7 15. Ne4 Be7 16. c4 Nb4 17. Rd1 Ba4 18. Rxd8+ Rxd8 19. b3 Be8 20. Be3 b6 21. h4 h6 22. a3 Nc6 23. Rd1 Bxa3 24. Nc3 Bf8 25. Nb5 Qb8 26. Bf4 Rxd1+ 27. Qxd1 e5 28.
Be3 Nb4 29. h5 Bxb5 30. cxb5 Qe8 31. Qe2 Qd7 32. Bd2 Nc2 33. Bc3 Nd4 34. Bxd4 exd4 35. Be4 Bc5 36. Bd3 Kf8 37. Kg2 Qd5+ 38. Qf3 Qd8 39.
Bc4 Qd7 40. Qa8+ Ke7 41. Qe4+ Kd8 42. Qa8+ Ke7 43. Qe4+ Kf8 44. Qa8+ Ke7 45. Qe4+ Kf8 46. Qa8+ Ke7 47. Qe4+ 1/2-1/2

[Event "*** Titled Tuesday 3|2 Blitz"]
[Site "Chess.com"]
[Date "2016.10.04"]
[Round "1"]
[White "ChessSkool"]
[Black "LyonBeast"]
[Result "0-1"]
[WhiteElo "2383"]
[BlackElo "2741"]
[TimeControl "180+2"]
[EndTime "11:09:01 PDT"]
[Termination "LyonBeast won by resignation"]

1. Nf3 c5 2. b3 d6 3. d4 cxd4 4. Nxd4 g6 5. Bb2 Nf6 6. g3 Bg7 7. Bg2 Qa5+ 8. Nd2 O-O 9. O-O Nc6 10.
Nxc6 bxc6 11. Bxc6 Rb8 12. Bg2 Qh5 13. Nf3 Ba6 14. c4 Rfc8 15. Rc1 Bb7 16. h3 a5 17. Bd4 Qf5 18. Qd3 Qxd3 19. exd3 e5 20. Ba7 Ra8 21. Be3 Nd7 22. d4 e4 23. Ng5 f5 24. Ne6 Bf6 25. f3 Re8 26. Nc7 exf3 27. Nxe8 Rxe8 28. Bxf3 Rxe3 29. Bxb7 Bxd4 30. Bd5+ Kg7 31.
Rcd1 Rxg3+ 32. Kh2 Be5 33. Rde1 Rxb3+ 34. Kg2 Rg3+ 35.
Kf2 Rxh3 36. Rb1 Nc5 37. Ke2 Ra3 38. Rb8 Rxa2+ 39. Ke3 h5 40. Ra8 f4+ 41. Kf3 g5 42. Rg8+ Kh6 43. Rh8+ Bxh8 0-1

[Event "*** Titled Tuesday 3|2 Blitz"]
[Site "Chess.com"]
[Date "2016.10.04"]
[Round "1"]
[White "tango_argentino"]
[Black "Keranke"]
[Result "1-0"]
[WhiteElo "2354"]
[BlackElo "2623"]
[TimeControl "180+2"]
[EndTime "11:09:01 PDT"]
[Termination "tango_argentino won by resignation"]

1. e4 c5 2. Nf3 d6 3. d4 cxd4 4.
Qxd4 a6 5. h3 Nc6 6. Qe3 g6 7.
c4 Bg7 8. Be2 Nf6 9. O-O O-O 10.
Nc3 Nd7 11. Rb1 Qb6 12. Nd5 Qxe3 13. Bxe3 Nc5 14. Nb6 Rb8 15. Nd2 Nd4 16. Bd1 Be6 17. b4 Nd7 18. Nd5 Bxd5 19. cxd5 Rfc8 20. Nb3 Nc2 21. Bg5 Nf6 22. f3 Nxb4 23. Na5 Nxa2 24. Rxb7 Rxb7 25. Nxb7 Nb4 26. Bd2 Nd3 27. Na5 Nh5 28. Nc6 Kf8 29. Be2 Nc5 30. Kf2 e6 31.
Bb4 exd5 32. exd5 Nf6 33. Rd1 Nfd7 34. Bf1 Rc7 35. Bd2 Rb7 36. Bf4 Rb2+ 37. Kg1 Ne5 38.
Be3 Ned7 39. Bf4 Be5 40. Nxe5 dxe5 41. Be3 Ke7 42. d6+ Kd8 43. Bc4 f6 44. Bg8 Re2 45. Bh6 a5 46. Bxh7 g5 47. Bg8 a4 48. g3 Nb3 49. h4 Nd4 50. Bd5 Nb6 51. Bb7 Nf5 52.
hxg5 a3 53. g4 Ne3 54. g6 Nxd1 55. g7 a2 56. Bc6 1-0

[Event "*** Titled Tuesday 3|2 Blitz"]
[Site "Chess.com"]
[Date "2016.10.04"]
[Round "1"]
[White "maciek_92"]
[Black "Houdinovic"]
[Result "1-0"]
[WhiteElo "2597"]
[BlackElo "2312"]
[TimeControl "180+2"]
[EndTime "11:09:01 PDT"]
[Termination "maciek_92 won by resignation"]

1. c4 e5 2. Nc3 Nf6 3. g3 Bb4 4. Bg2 O-O 5. Nf3 d6 6. O-O Nc6 7. d3 Bxc3 8. bxc3 h6 9. e4 Nh7 10. Nh4 Ng5 11. Qh5 Qf6 12. f4 Nh3+ 13. Kh1 exf4 14.
d4 Qg5 15. Qe2 Bg4 16. Qd3 Qh5 17. Nf5 g6 18. Nh4 Be2 19. Qc2 Bxf1 20. Bxf1 fxg3 21. hxg3 Qg4 22. Kh2 Ng5 23. Bg2 Rae8 24. Bf4 Kg7 25.
Rf1 f5 26. Bxg5 Qxg5 27. exf5 Re3 28. Qf2 Ne7 29. g4 Qxg4 30. Qxe3 Qxh4+ 31. Kg1 Nxf5 32. Qf3 Qg5 33. Re1 Rf7 34. Rf1 Qe3+ 35. Qxe3 Nxe3 36. Re1 Nxg2 37. Kxg2 Kf6 38. Rf1+ Ke7 39. Re1+ Kd7 40. Rh1 h5 41. Kg3 Rf5 42. Rb1 b6 43. d5 Re5 44.
Kf3 g5 45. Rh1 g4+ 46. Kf2 c6 47. Rd1 cxd5 48. cxd5 Kc7 49. Rd4 b5 50. a4 Kb6 51.
axb5 Kxb5 52. Rf4 Rxd5 53. c4+ 1-0

[Event "*** Titled Tuesday 3|2 Blitz"]
[Site "Chess.com"]
[Date "2016.10.04"]
[Round "1"]
[White "hypert"]
[Black "Blitzstream"]
[Result "0-1"]
[WhiteElo "2290"]
[BlackElo "2556"]
[TimeControl "180+2"]
[EndTime "11:09:02 PDT"]
[Termination "Blitzstream won by resignation"]

1. e4 d5 2. exd5 Qxd5 3. Nc3 Qa5 4. Nf3 Nf6 5. Be2 Nc6 6. O-O Bg4 7. Rb1 e6 8. a3 Bd6 9. h3 h5 10. b4 Qf5 11. b5 Ne5 12. d4 Nxf3+ 13. Bxf3 Bxf3 14. Qxf3 Qxf3 15. gxf3 O-O-O 16. Ne4 Be7 17. Be3 Nd5 18. c4 Nf6 19. a4 Nxe4 20. fxe4 Bf6 21. d5 exd5 22.
exd5 b6 23. Rfd1 Rhe8 24. a5 Re4 25. axb6 axb6 26. Rbc1 Be7 27. Kg2 Bd6 28. Kf3 f5 29. Rd4 Rde8 30. Rcd1 Kd7 31. Rxe4 fxe4+ 32. Ke2 Rf8 33.
Rg1 Be5 34. Rg5 Kd6 35. Rxh5 Ra8 36. f4 Ra2+ 37. Kf1 Bf6 38. Rh8 Rc2 39. c5+ bxc5 40. Rb8 Kxd5 41. b6 cxb6 42. Rxb6 Bd4 43. Rb3 Rh2 44. Bxd4 cxd4 45. Rg3 e3 46. Rxg7 Ke4 47.
Rg3 d3 48. Rg8 Kf3 0-1

[Event "*** Titled Tuesday 3|2 Blitz"]
[Site "Chess.com"]
[Date "2016.10.04"]
[Round "1"]
[White "TheCount"]
[Black "Mastervlad8"]
[Result "1-0"]
[WhiteElo "2468"]
[BlackElo "2158"]
[TimeControl "180+2"]
[EndTime "11:09:07 PDT"]
[Termination "TheCount won on time"]

1. d4 Nf6 2. c4 g6 3. Nc3 Bg7 4. e4 d6 5. Be2 O-O 6. Bg5 c5 7. d5 a6 8. Qd2 Nbd7 9. Nf3 b5 10.
cxb5 axb5 11. Bxb5 Ba6 12. Bxa6 Rxa6 13. O-O Qa8 14.
Rfe1 Rb8 15. h3 c4 16. Nd4 Nc5 17. Nc6 Rb7 18. e5 dxe5 19. Rxe5 Nb3 20. axb3 Rxa1+ 21. Kh2 cxb3 22. Rxe7 Rxe7 23. Nxe7+ Kh8 24. d6 Nd7 25.
Be3 Qa5 26. Bd4 Bxd4 27. Qxd4+ Qe5+ 28. Qxe5+ Nxe5 29. Ned5 Kg7 30. Nb6 Rc1 31. Nca4 Rd1 32. f4 Nc6 33. d7 Kf6 34. Nc5 Rd2 35. Nxb3 Rxb2 36. Na5 Nd8 37. Nac4 Rb1 38. Kg3 Rd1 39. Kf3 Ke7 40. Ne3 Rd2 41. Nec4 Rd1 42. Ke2 Rd4 43.
Ke3 Rd1 44. Ke4 Ne6 45. Ne5 f5+ 46. Ke3 Nc5 47. Nc6+ 1-0

[Event "*** Titled Tuesday 3|2 Blitz"]
[Site "Chess.com"]
[Date "2016.10.04"]
[Round "1"]
[White "Oleksandr_Bortnyk"]
[Black "Sven_Tica"]
[Result "1-0"]
[WhiteElo "2717"]
[BlackElo "2379"]
[TimeControl "180+2"]
[EndTime "11:09:16 PDT"]
[Termination "Oleksandr_Bortnyk won by resignation"]

1. e4 c5 2. Nf3 Nf6 3. Nc3 d5 4.
exd5 Nxd5 5. Bb5+ Bd7 6. Bxd7+ Qxd7 7. O-O Nc6 8. Ne4 e6 9. d3 Be7 10. Bg5 O-O 11. Re1 b6 12. Qd2 h6 13. Bxh6 gxh6 14.
Qxh6 f5 15. Qg6+ Kh8 16. Neg5 Bxg5 17. Nxg5 Rf6 18. Qh5+ Kg8 19. g3 Re8 20. c3 Re7 21. Re2 Rg7 22. Rae1 Rfg6 23. Nxe6 Nf6 24. Qxf5 Ne7 25.
Qf3 Rf7 26. Qa8+ Nc8 27. Nf4 Rgg7 28. Re6 Rf8 29. Qc6 Qxc6 30. Rxc6 Ne7 31. Rc7 Rff7 32.
Ne6 Rh7 33. Ng5 Kf8 34. Nxh7+ Rxh7 35. Rxa7 Ng4 36. h4 Nf6 37. a4 Nfd5 38. Re5 Rf7 39. h5 Nf6 40. h6 Nc6 41. Rxf7+ Kxf7 42. Rf5 Kg6 43. Rxf6+ Kxf6 44. g4 Ne5 45. b4 cxb4 46. cxb4 Nxd3 47. a5 bxa5 48. bxa5 Nc5 49. g5+ Kg6 50.
f4 Kh7 51. Kg2 Kg6 52. Kf3 Na6 53. Kg4 Nb8 54. f5+ Kh7 55. Kh5 Na6 56. g6+ 1-0

[Event "*** Titled Tuesday 3|2 Blitz"]
[Site "Chess.com"]
[Date "2016.10.04"]
[Round "1"]
[White "dawtonlms"]
[Black "Ar4uha"]
[Result "0-1"]
[WhiteElo "2160"]
[BlackElo "2463"]
[TimeControl "180+2"]
[EndTime "11:09:18 PDT"]
[Termination "Ar4uha won by checkmate"]

1. e4 d6 2. d4 Nf6 3. Nc3 e5 4. dxe5 dxe5 5. Qxd8+ Kxd8 6. Bc4 Be6 7. Bxe6 fxe6 8. f3 a6 9. Be3 Bd6 10. a4 Ke7 11. Nh3 Nc6 12. Nf2 Nd4 13. O-O-O c5 14. Nd3 b5 15. axb5 axb5 16. Bxd4 exd4 17. Nxb5 e5 18.
Nxd6 Kxd6 19. b3 Ra2 20. Nb2 Rb8 21. Kb1 Ra6 22. Nc4+ Ke6 23. Kb2 Ra4 24. Kc1 Ra2 25. Kb1 Ra4 26. Nb2 Ra6 27. Nd3 Nd7 28. Nb2 Nb6 29.
Kc1 c4 30. bxc4 Ra2 31. c5 Nd7 32. Nd3 Rc8 33. c6 Nb8 34. Nb4 Ra4 35. c7 Rxb4 36.
cxb8=Q Rbxb8 37. Kd2 Rb2 38. Rc1 Rc3 39. Rhe1 Kd6 40.
Re2 Kc5 41. Kd1 Ra3 42. Rd2 Kc4 43. Ke2 Re3+ 44. Kf2 Kc3 45. Rdd1 Rxc2+ 46. Rxc2+ Kxc2 47. Ra1 Rb3 48. Ra2+ Rb2 49. Ra5 d3 50. Rd5 Kc3+ 51. Ke3 Re2# 0-1